 Dungeon Crawl Stone Soup version 0.27.1-2-g3b301248ec (webtiles) character file.

Game seed: 5860141250655892191

112 Kinoniko the Chopper (level 4, 0/35 HPs)
             Began as a Demonspawn Berserker on Oct 1, 2021.
             Was a Believer of Trog.
             Slain by an unseen horror (9 damage)
             ... on level 6 of the Dungeon.
             The game lasted 00:02:06 (2950 turns).

Kinoniko the Chopper (Demonspawn Berserker)         Turns: 2950, Time: 00:02:06

Health: 0/35       AC:  7    Str: 18    XL:     4   Next: 64%
Magic:  4/4        EV: 11    Int:  8    God:    Trog [**....]
Gold:   188        SH:  0    Dex: 13    Spells: 3/3 levels left

rFire    . . .     SeeInvis .   a - +0 hand axe
rCold    . . .     Faith    .   (no shield)
rNeg     . . .     Spirit   .   c - +0 ring mail
rPois    .         Reflect  .   i - +0 helmet
rElec    .         Harm     .   (no cloak)
rCorr    .         Rampage  .   (no gloves)
Will     .....                  (no boots)
Stlth    +.........             (no amulet)
HPRegen  0.11/turn              (no ring)
MPRegen  0.09/turn              (no ring)

@: on berserk cooldown, slowed, very slow
A: demonic guardian 1, sharp scales 1
a: Renounce Religion, Berserk, Trog's Hand


You were on level 6 of the Dungeon.
You worshipped Trog.
Trog was pleased with you.
You visited 1 branch of the dungeon, and saw 4 of its levels.

You collected 188 gold pieces.

Inventory:

Hand Weapons
 a - a +0 hand axe (weapon)
Armour
 c - a +0 ring mail (worn)
 i - a +0 helmet (worn)
Scrolls
 b - a scroll of blinking {unknown}
 d - 2 scrolls of noise {unknown}
 e - 2 scrolls of identify {unknown}
 h - a scroll of vulnerability {unknown}
 j - 2 scrolls of immolation {unknown}
 l - a scroll of amnesia {unknown}
Potions
 f - a potion of resistance {unknown}
 g - 3 potions of heal wounds {unknown}
 k - a potion of mutation {unknown}
 m - a potion of curing {unknown}


   Skills:
 - Level 3.0 Fighting
 * Level 5.0 Axes
 - Level 1.7 Armour
 - Level 1.7 Dodging


You had 3 spell levels left.
You didn't know any spells.
Your spell library contained the following spells:

 Spells                   Type           Power      Damage    Failure   Level
 Animate Skeleton         Necr           0%         N/A       58%         1
 Pain                     Necr           0%         1d4       58%         1
 Tukima's Dance           Hex            0%         N/A       92%         3
 Vampiric Draining        Necr           0%         2d6       92%         3
 Passage of Golubria      Tloc           N/A        N/A       100%        4
 Yara's Violent Unravell  Hex/Tmut       0%         3d3       100%        5


Dungeon Overview and Level Annotations

Branches:
Dungeon (3/15)

Altars:


Innate Abilities, Weirdness & Mutations

A weak demonic guardian rushes to your aid.
You are partially covered in razor-sharp scales. (AC +1, Slay +1)


Message History

You barely miss the gnoll.
The gnoll is heavily wounded.
You hit something but do no damage. Something hits you but does no damage.
You slash the gnoll!
You kill the gnoll!
Trog accepts your kill. Something hits you!
Unknown command.
You barely miss something. Something hits you! The gnoll barely misses you.
Unknown command.
You are too injured to fight recklessly!
You are too injured to fight recklessly!
You are too injured to fight recklessly!
Unknown command.
You are too injured to fight recklessly!
Something hits you.
* * * LOW HITPOINT WARNING * * *
The gnoll hits you but does no damage.
You hit the gnoll.
The gnoll is moderately wounded.
Something completely misses you.
You slash the gnoll!
The gnoll is almost dead.
You miss something. Something hits you but does no damage. Something hits you.
* * * LOW HITPOINT WARNING * * *
The gnoll barely misses you.
You hit the gnoll.
You kill the gnoll!
Trog accepts your kill.
You closely miss something.
You are no longer berserk.
You are exhausted.
You feel yourself slow down. Something hits you but does no damage.
Your Axes skill increases to level 5!
Unknown command.
Something hits you but does no damage.
Things that are here:
a +0 halberd; a throwing net Something hits you but does no damage.
Something hits you!
You die...

## # .# ##. .#
...## ##.# .....
...# ...... #..#
.....:###..######
#....)5)!......
#..##(#@###.###
#..##)#{#
#.....{{#
...........#
####.##.##.# #.
... ..# # .#..
..# ..#.. ..# #.
.... #


You could see a friendly ufetubus (summoned).

Vanquished Creatures
  2 gnolls (D:6)
  A worm (D:2)
  2 dart slugs
  An orc (D:3)
  4 ball pythons
  6 endoplasms
  5 giant cockroaches (D:2)
  10 goblins
  11 hobgoblins
  5 jackals
  2 kobolds (D:1)
  4 quokkas
  7 bats
  7 frilled lizards
  3 rats
70 creatures vanquished.

Vanquished Creatures (collateral kills)
  A gnoll (D:6)
1 creature vanquished.

Grand Total: 71 creatures vanquished

Notes
Turn   | Place    | Note
-------+----------+-------------------------------------------
     0 | D:1      | Kinoniko the Demonspawn Berserker began the quest for the
                  | Orb.
     0 | D:1      | Reached XP level 1. HP: 18/18 MP: 1/1
   355 | D:1      | Reached skill level 3 in Axes
   648 | D:1      | Gained mutation: A weak demonic guardian rushes to your
                  | aid. [demonic ancestry]
   648 | D:1      | Reached XP level 2. HP: 24/24 MP: 2/2
   980 | D:1      | Reached XP level 3. HP: 29/29 MP: 3/3
  1378 | D:2      | Reached skill level 4 in Axes
  1430 | D:2      | Reached ** piety under Trog
  2016 | D:2      | Gained mutation: You are partially covered in razor-sharp
                  | scales. (AC +1, Slay +1) [demonic ancestry]
  2016 | D:2      | Reached XP level 4. HP: 25/35 MP: 4/4
  2259 | D:2      | Found a faded altar of an unknown god.
  2931 | D:3      | You fall into a shaft and drop 3 floors!
  2949 | D:6      | Reached skill level 5 in Axes
  2950 | D:6      | Slain by an unseen horror

Illustrated notes

Levels and vault maps discovered:
D:1:      amcnicky_arrival_underground_garden, layout_loops_ring
D:2:      cheibrodos_greedy_goblins, layout_basic,
          shapermc_ecumenical_altar_hornbeckon, minmay_domino_4
D:3:      layout_loops_ring, grunt_ministairs_11
D:6:      layout_loops_cross, minitemple

Skill      XL: |  1  2  3  4 |
---------------+-------------+-----
Axes           | 3 4 5 |  5.0
Fighting       | |  3.0
Armour         | |  1.7
Dodging        | |  1.7

Action                   |  1- 3 |  4- 6 || total
-------------------------+-------+-------++-------
Melee: Hand axe          |   157 |    57 ||   214
Invok: Berserk           |     1 |     1 ||     2
Armor: Animal skin       |     9 |       ||     9
       Ring mail         |    37 |    30 ||    67
Dodge: Dodged            |   111 |    38 ||   149
